 Dungeon Crawl Stone Soup version 0.20-a0-924-gfa95efa (webtiles) character file.

742 Lojikpuzzil the Magician (level 7, -4/37 HPs)
             Began as a Deep Elf Fire Elementalist on Mar 27, 2017.
             Slain by a fire bat (7 damage)
             ... on level 5 of the Dungeon.
             The game lasted 00:43:04 (5740 turns).

Lojikpuzzil the Magician (DEFE)                     Turns: 5740, Time: 00:43:05

Health: -4/37      AC:  2    Str:  5    XL:     7   Next: 47%
Magic:  14/18      EV: 13    Int: 22    God:
Gold:   158        SH:  0    Dex: 15    Spells: 13/19 levels left

rFire    . . .     SeeInvis .   d - -1 dagger (curse)
rCold    . . .     Gourm    .   (no shield)
rNeg     . . .     Faith    .   x - +0 robe
rPois    .         Spirit   .   (no helmet)
rElec    .         Reflect  .   (no cloak)
rCorr    +         Harm     +   (no gloves)
MR       .....                  (no boots)
Stlth    ++++......             k - amulet of harm
Regen    0.2/turn               l - ring of resist corrosion (curse)
MPRegen  0.2/turn               e - ring of stealth

@: flying, very slightly contaminated, invisible
A: no striking features
a: no special abilities


You were on level 5 of the Dungeon.
You were not hungry.

You visited 1 branch of the dungeon, and saw 5 of its levels.

You collected 158 gold pieces.

Inventory:

Hand Weapons
 d - a cursed -1 dagger (weapon)
Armour
 x - a +0 robe (worn)
Jewellery
 e - a ring of stealth (right hand)
 k - an amulet of harm (around neck)
 l - a cursed ring of resist corrosion (left hand)
 v - a +6 ring of intelligence {unknown}
Wands
 a - a wand of digging (15/24)
 m - a wand of flame (22/48)
 w - a wand of polymorph (13/24)
Scrolls
 f - 2 scrolls of identify
 g - a scroll of amnesia
 n - a scroll of recharging
 s - 2 scrolls of magic mapping {unknown}
 u - 2 scrolls of teleportation
Potions
 h - a potion of cancellation
 p - 2 potions of flight
 q - a potion of mutation {unknown}
 t - a potion of degeneration {unknown}
Books
 b - a book of Flames

   Spells                             Type                      Level
   a - Flame Tongue                   Conjuration/Fire             1
   b - Throw Flame                    Conjuration/Fire             2
   c - Conjure Flame                  Conjuration/Fire             3
   d - Inner Flame                    Hexes/Fire                   3
   e - Sticky Flame                   Conjuration/Fire             4
   f - Fireball                       Conjuration/Fire             5
 r - a book of Minor Magic

   Spells                             Type                      Level
   a - Magic Dart                     Conjuration                  1
   b - Blink                          Translocation                2
   c - Call Imp                       Summoning                    2
   d - Slow                           Hexes                        2
   e - Conjure Flame                  Conjuration/Fire             3
   f - Mephitic Cloud                 Conjuration/Poison/Air       3
Comestibles
 c - a bread ration
 i - a meat ration


   Skills:
 + Level 0.7 Fighting
 + Level 0.2 Short Blades
 + Level 2.9 Dodging
 + Level 3.9 Stealth
 + Level 6.5 Spellcasting
 + Level 4.6 Conjurations
 + Level 6.0 Fire Magic


You had 13 spell levels left.
You knew the following spells:

 Your Spells              Type           Power        Failure   Level  Hunger
a - Flame Tongue          Conj/Fire      ####.        1%          1    None
b - Conjure Flame         Conj/Fire      ####....     3%          3    #......
c - Throw Flame           Conj/Fire      ####..       1%          2    None


Dungeon Overview and Level Annotations

Branches:
Dungeon (5/15)
 Temple: D:4-7

Altars:
Cheibriados
Nemelex Xobeh

Shops:
D:4 }


Message History

The ice bat barely misses you. The fire bat barely misses you.
The ice bat misses you. The ice bat barely misses you.
It was a potion of invisibility.
You fade into invisibility!
The ice bat hits you but does no damage.
The fire bat closely misses you. The ice bat barely misses you.
You are very lightly contaminated with residual magic.
The ice bat hits you but does no damage.
The fire bat closely misses you. The ice bat closely misses you.
The ice bat misses you. The fire bat bites you.
* * * LOW HITPOINT WARNING * * *
You are engulfed in flames.
* * * LOW HITPOINT WARNING * * *
The fire bat closely misses you.
It was a potion of flight.
You feel very buoyant.
You fly up into the air.
The fire bat closely misses you. The fire bat bites you.
You die...

#.......#....##..#.
######...............#.
#######...##...............#.
##.....#.........(..........'.
#.........###.....##....##..##
##.....).#######..##....##..##
[
#.......#..#..##.#..........#
..#.......#
#.b..###..........#
...'.......#
#@...###....##...#
..##....(###
###Z..####..###..# ##.....##
###.## #### ##.#
.........##### ##...# ###
.........#...###..##.# ###
...........##.÷..### #.# #..
..##.....####..### ... ####
#.....# #.#.#### ... #.##
.......# #.##†#.## ..###....


You could see a fire bat and an ice bat (wandering).

Vanquished Creatures
  An ice beast (D:5)
  An orc warrior (D:5)
  An ogre (D:5)
  A vampire bat (D:5)
  A bullfrog zombie (D:5)
  3 hounds
  Jessica (D:4)
  2 iguanas
  2 worker ants
  4 adders
  An adder zombie (D:5)
  4 dart slugs
  2 fire bats (D:5)
  2 leopard geckos
  2 spectral bats (D:5)
  3 bat skeletons (D:5)
  A bat zombie (D:5)
  4 giant cockroaches
  5 goblins
  8 hobgoblins
  4 jackals (D:3)
  A quokka (D:2)
  A ball python (D:3)
  14 bats
  7 frilled lizards
  A jackal zombie (D:5)
  10 kobolds
  4 rats
91 creatures vanquished.

Notes
Turn   | Place    | Note
-------+----------+-------------------------------------------
     0 | D:1      | Lojikpuzzil the Deep Elf Fire Elementalist began the quest for the Orb.
     0 | D:1      | Reached XP level 1. HP: 10/10 MP: 6/6
   192 | D:1      | Reached XP level 2. HP: 15/15 MP: 0/8
  1167 | D:2      | Reached XP level 3. HP: 19/19 MP: 7/10
  1459 | D:2      | Found a faded altar of an unknown god.
  1552 | D:2      | You fall through a shaft!
  1772 | D:3      | Learned a level 3 spell: Conjure Flame
  1935 | D:3      | Reached XP level 4. HP: 24/24 MP: 10/12
  3251 | D:4      | Found a snail-covered altar of Cheibriados.
  3277 | D:4      | Reached XP level 5. HP: 28/28 MP: 10/13
  3316 | D:4      | Learned a level 2 spell: Throw Flame
  3795 | D:4      | Found a sparkling altar of Nemelex Xobeh.
  3795 | D:4      | Noticed Jessica
  3800 | D:4      | Killed Jessica
  3800 | D:4      | Reached skill level 5 in Fire Magic
  4029 | D:4      | Found Yrghixor's Gadget Shop.
  4327 | D:5      | Entered Level 5 of the Dungeon
  4329 | D:5      | Noticed an ogre
  4341 | D:5      | Killed an ogre
  4341 | D:5      | Reached skill level 5 in Spellcasting
  4341 | D:5      | Reached XP level 6. HP: 32/32 MP: 7/15
  5195 | D:5      | Noticed an orc warrior
  5201 | D:5      | Noticed an ice beast
  5203 | D:5      | Killed an orc warrior
  5203 | D:5      | Reached XP level 7. HP: 4/37 MP: 7/17
  5740 | D:5      | Slain by a fire bat

Vault maps used:
D:1:      saegor_arrival_simple_f
D:2:      chequers_ecumenical_altar_twisty
D:4:      kennysheep_mini, serial_shops, nicolae_shop_crystal,
          nemelex_lonely_heart_becter
D:5:      first_bread, goddamned_bats

Skill      XL: |  1  2  3  4  5  6  7 |
---------------+----------------------+-----
Fire Magic     | 4 5 6 |  6.0
Spellcasting   | 4 5 6 |  6.5
Conjurations   | 2 3 4 |  4.6
Stealth        | 3 |  3.9
Fighting       | |  0.7
Short Blades   | |  0.2
Dodging        | |  2.9

Action                   |  1- 3 |  4- 6 |  7- 9 || total
-------------------------+-------+-------+-------++-------
Melee: Dagger            |       |     6 |     6 ||    12
 Cast: Flame Tongue      |    63 |    63 |    28 ||   154
       Conjure Flame     |     1 |     1 |     1 ||     3
       Throw Flame       |       |    12 |     7 ||    19
  Use: Potion            |     2 |       |     4 ||     6
       Scroll            |     2 |     3 |       ||     5
  Eat: Bread ration      |     1 |     2 |       ||     3
       Royal jelly       |       |     1 |       ||     1
       Fruit             |       |     1 |       ||     1
Armor: Robe              |     6 |     8 |    16 ||    30
Dodge: Dodged            |    17 |    18 |    60 ||    95
